 Dungeon Crawl Stone Soup version 0.31.0-1-g2c135a008e (webtiles) character file.

Game seed: 1202027852110827699

438 qw the Shooter (level 7, -3/52 HPs)
             Began as a Djinni Hunter on Jan 23, 2024.
             Slain by an iguana (7 damage)
             ... on level 4 of the Dungeon.
             The game lasted 00:00:11 (2248 turns).

qw the Shooter (Djinni Hunter)                      Turns: 2248, Time: 00:00:11

Health: -3/52      AC:  6    Str: 10    XL:     7   Next: 22%
Gold:   79         EV: 11    Int: 10    God:
                   SH:  0    Dex: 19

rFire   + + .        d - +1 shortbow (flame)
rCold   x . .        (shield currently unavailable)
rNeg    . . .        g - +0 ring mail
rPois   inf          (no helmet)
rElec   .            k - +0 cloak
rCorr   .            (no gloves)
SInv    .            (boots unavailable)
Will    ++...        (no amulet)
Stlth   +            e - ring of willpower
HPRegen 0.28/turn    c - ring of willpower
MPRegen 0.00/turn

%: infuse magic (-4 HP)
@: flying
A: sickness immunity, fire resistance 2, cold vulnerability 1, float, innate
caster, HP casting, extra vitality 1
a: no special abilities


You were on level 4 of the Dungeon.
You visited 1 branch of the dungeon, and saw 5 of its levels.

You collected 139 gold pieces.
You spent 60 gold pieces at shops.


Innate Abilities, Weirdness & Mutations

You are immune to sickness and miasma.
You are immune to poison.
Your flesh is very heat resistant. (rF++)
You are vulnerable to cold. (rC-)
You float through the air rather than walking.
You learn spells naturally, not from books.
Your magical power is your life essence.
You have superior vitality. (+4 MHP)


   Skills:
 - Level 4.0 Fighting
 + Level 5.2 Ranged Weapons
 - Level 2.3 Armour
 - Level 3.3 Dodging
 - Level 0.7 Stealth


You knew the following spells:

 Your Spells              Type           Power      Damage    Failure   Level
a - Summon Small Mammal   Summ           0%         N/A       67%         1
b - Scorch                Fire           0%         2d5       82%         2
c - Sigil of Binding      Hex            0%         N/A       96%         3
Your spell library was empty.

Inventory:

Hand Weapons
 d - a +1 shortbow of flaming (weapon)
Armour
 g - a +0 ring mail (worn)
 k - a +0 cloak (worn)
Jewellery
 c - a ring of willpower (right hand)
 e - a ring of willpower (left hand)
Potions
 a - 2 potions of enlightenment
 b - a potion of resistance
 f - a potion of curing
 h - a potion of attraction {unknown}
 j - a potion of might {unknown}

Dungeon Overview and Level Annotations

Branches:
Dungeon (5/15)
 Temple: D:4-7

Altars:
Gozag

Shops:
D:3 =!=

Annotations:
D:4 Robin


Message History

The iguana hisses angrily.
The arrow hits the goblin.
The arrow burns the goblin.
The goblin is almost dead.
The goblin barely misses you. The goblin hits you but does no damage.
The hobgoblin barely misses you.
The hobgoblin hits you but does no damage.
The goblin hits you but does no damage. The goblin completely misses you.
The goblin hits you with a +0 club.
You shoot an arrow. The arrow barely misses the goblin.
The arrow hits the iguana but does no damage.
The goblin barely misses you.
The hobgoblin hits you but does no damage.
The goblin hits you with a +0 dagger. The goblin hits you with a +0 club.
The hobgoblin barely misses you. The goblin barely misses you. x2
The hobgoblin closely misses you.
You shoot an arrow. The arrow closely misses the goblin.
The arrow hits the iguana.
The arrow burns the iguana.
The iguana is lightly wounded.
The hobgoblin barely misses you. The goblin barely misses you.
The goblin hits you with a +0 club. The goblin misses you.
The goblin hits you but does no damage. The hobgoblin hits you.
The goblin hits you with a +0 club. The hobgoblin hits you.
The goblin barely misses you.
You shoot an arrow. The arrow hits the goblin!
The arrow burns the goblin.
You kill the goblin!
The hobgoblin no longer looks unusually strong.
The goblin closely misses you.
Robin roars a battlecry!
The hobgoblin goes into a battle-frenzy!
The goblin hits you with a +0 dagger. The hobgoblin barely misses you.
The hobgoblin closely misses you. The goblin hits you but does no damage.
Robin throws the goblin at you! The goblin hits you with a +0 club.
You shoot an arrow. The arrow hits the goblin.
The arrow burns the goblin.
You kill the goblin!
The goblin hits you but does no damage. The hobgoblin hits you.
The hobgoblin closely misses you. The goblin hits you with a +0 dagger.
The goblin barely misses you. The goblin hits you with a +0 dagger.
You shoot an arrow. The arrow barely misses the iguana.
The hobgoblin closely misses you. The iguana bites you!
You die...

........... ~....~~~~~
~ ~....~~~~~ ~~~
....~~~~~ ... .....%...
###.###...?.... ..
.....gggl...... ...
#..ggg@### . ...
#....ggg.##....#. ..
#..............#.## ..
#....).#######...... #
#.......### ####...# #
#.........# #..#...####
#......##.###..#....##.
####%####.............)
#....................#


You could see an iguana, Robin, 4 hobgoblins and 4 goblins.

Vanquished Creatures
  An ogre (D:4)
  A scorpion (D:3)
  A jelly (D:3)
  A gnoll bouda (D:4)
  Jessica (D:2)
  An iguana (D:4)
  6 gnolls (D:4)
  3 adders
  3 dart slugs
  3 ribbon worms
  An orc (D:3)
  6 ball pythons
  6 endoplasms
  2 giant cockroaches
  12 goblins
  12 hobgoblins
  10 jackals
  2 quokkas
  4 bats
  5 frilled lizards
  10 kobolds
  A rat (D:3)
92 creatures vanquished.

Notes
Turn   | Place    | Note
-------+----------+-------------------------------------------
     0 | D:1      | qw the Djinni Hunter began the quest for the Orb.
     0 | D:1      | Reached XP level 1. HP: 18/18 MP: 0/0
     0 | D:1      | 0 ||| qw: Version: 0.3-a-136-gdd3b4e8
     0 | D:1      | 0 ||| qw: Game counter: 1059
     0 | D:1      | 0 ||| qw: Melee chars always use a shield: true
     0 | D:1      | 0 ||| qw: God list: Okawaru
     0 | D:1      | 0 ||| qw: Allow faded altars: false
     0 | D:1      | 0 ||| qw: Do Orc after clearing Dungeon:15 true
     0 | D:1      | 0 ||| qw: Do second Lair branch before Depths: true
     0 | D:1      | 0 ||| qw: Lair rune preference: random
     0 | D:1      | 0 ||| qw: Goals: Normal
     0 | D:1      | 0 ||| PLANNING D:1-11
    60 | D:1      | Reached XP level 2. HP: 23/23 MP: 0/0
   295 | D:1      | Reached XP level 3. HP: 28/28 MP: 0/0
   295 | D:1      | Learned a level 1 spell: Summon Small Mammal
   389 | D:1      | Reached skill level 4 in Ranged Weapons
   783 | D:1      | 783 ||| UPGRADING to ring of willpower.
   784 | D:1      | 784 ||| READING 2 scrolls labelled OMPOXK LOVUDACAO.
   784 | D:1      | 784 ||| IDENTIFYING fuming amethyst potion
   785 | D:1      | 785 ||| READING scroll of identify.
   785 | D:1      | 785 ||| IDENTIFYING silvery potion
   786 | D:1      | 786 ||| READING scroll labelled BAMEOQINIV.
   787 | D:1      | 787 ||| READING scroll labelled DOIMEN OQOXKY.
   787 | D:1      | Identified a scroll of acquirement
   787 | D:1      | 787 ||| ACQUIRING +1 shortbow of flaming
   787 | D:1      | Acquired a +1 shortbow of flaming
   789 | D:1      | 789 ||| SWAPPING to +1 shortbow of flaming.
   790 | D:1      | 790 ||| DROPPING +0 shortbow.
   791 | D:1      | 791 ||| READING scroll labelled MUIKLISURCH.
   792 | D:1      | 792 ||| DROPPING scroll of butterflies.
   793 | D:1      | 793 ||| DROPPING potion of degeneration.
   794 | D:1      | 794 ||| DROPPING potion of brilliance.
   880 | D:2      | 880 ||| FLEEEEING.
   881 | D:2      | 881 ||| FLEEEEING.
   882 | D:2      | 882 ||| FLEEEEING.
   883 | D:2      | 883 ||| FLEEEEING.
   950 | D:2      | Reached skill level 3 in Fighting
   950 | D:2      | Reached XP level 4. HP: 25/35 MP: 0/0
  1173 | D:2      | Noticed Jessica
  1181 | D:2      | Killed Jessica
  1182 | D:2      | Reached skill level 3 in Dodging
  1291 | D:2      | 1291 ||| UPGRADING to +0 ring mail.
  1301 | D:2      | 1301 ||| DROPPING +0 leather armour.
  1302 | D:2      | 1302 ||| READING scroll labelled KACSIHYULI.
  1302 | D:2      | 1302 ||| ENCHANTING +1 shortbow of flaming.
  1349 | D:3      | Found Lirioti's Distillery.
  1359 | D:3      | 1359 ||| SHOPLISTING 2 potions of heal wounds (120 gold,
                  | have 65).
  1359 | D:3      | 1359 ||| BUYING potion of enlightenment (60 gold).
  1359 | D:3      | Bought a potion of enlightenment for 60 gold pieces
  1359 | D:3      | 1359 ||| SHOPLISTING potion of might (48 gold, have 5).
  1359 | D:3      | 1359 ||| SHOPLISTING potion of resistance (120 gold, have
                  | 5).
  1362 | D:3      | Found Lyelocwusk's Jewellery Shop.
  1371 | D:3      | 1371 ||| SHOPLISTING +4 ring of protection (360 gold, have
                  | 5).
  1371 | D:3      | 1371 ||| SHOPLISTING amulet of the acrobat (300 gold, have
                  | 5).
  1371 | D:3      | 1371 ||| SHOPLISTING ring of fire (250 gold, have 5).
  1371 | D:3      | 1371 ||| SHOPLISTING ring of positive energy (200 gold,
                  | have 5).
  1371 | D:3      | 1371 ||| SHOPLISTING ring of protection from cold (250
                  | gold, have 5).
  1371 | D:3      | 1371 ||| SHOPLISTING ring of see invisible (150 gold, have
                  | 5).
  1371 | D:3      | 1371 ||| SHOPLISTING ring of willpower (250 gold, have 5).
  1414 | D:3      | Reached XP level 5. HP: 37/40 MP: 0/0
  1414 | D:3      | Learned a level 2 spell: Scorch
  1518 | D:3      | Reached XP level 6. HP: 46/46 MP: 0/0
  1616 | D:3      | Identified the +6 falchion of Uncertain Death {freeze,
                  | rElec Str+2 Int+5}
  1683 | D:3      | 1683 ||| FLEEEEING.
  1685 | D:3      | 1685 ||| FLEEEEING.
  1686 | D:3      | 1686 ||| FLEEEEING.
  1687 | D:3      | 1687 ||| FLEEEEING.
  1719 | D:3      | Found Zytot's Jewellery Emporium.
  1726 | D:3      | 1726 ||| SHOPLISTING amulet of regeneration (390 gold, have
                  | 21).
  1726 | D:3      | 1726 ||| SHOPLISTING ring "Hil Vug" {rF+ SInv} (470 gold,
                  | have 21).
  1726 | D:3      | 1726 ||| SHOPLISTING ring of protection from fire (325
                  | gold, have 21).
  1853 | D:3      | 1853 ||| UPGRADING to +0 cloak.
  1858 | D:3      | 1858 ||| UPGRADING to ring of willpower.
  1859 | D:3      | 1859 ||| READING 2 scrolls of identify.
  1859 | D:3      | 1859 ||| IDENTIFYING gluggy blue potion
  1860 | D:3      | 1860 ||| READING scroll of identify.
  1860 | D:3      | 1860 ||| IDENTIFYING yellow potion
  1873 | D:4      | Noticed an ogre
  1877 | D:4      | Killed an ogre
  1878 | D:4      | Reached skill level 5 in Ranged Weapons
  1889 | D:4      | Found an opulent altar of Gozag.
  1889 | D:4      | You are sucked into a shaft and drop 1 floor!
  1889 | D:5      | Entered Level 5 of the Dungeon
  1973 | D:4      | HP: 4/46 [gnoll/+0 halberd[a gnoll bouda] (12)]
  1977 | D:4      | Reached XP level 7. HP: 6/51 MP: 0/0
  1977 | D:4      | Learned a level 3 spell: Sigil of Binding
  1979 | D:4      | HP: 3/51 [gnoll bouda/+0 whip (4)]
  2235 | D:4      | Noticed Robin
  2247 | D:4      | HP: 9/52 [hobgoblin[Robin] (6)]
  2247 | D:4      | HP: 4/52 [goblin/+0 dagger[Robin] (2)]
  2248 | D:4      | Slain by an iguana

Levels and vault maps discovered:
D:1:      minmay_arrival_four_loops, layout_loops_ring, serial_rivers,
          chequers_serial_rivers_small_b, chequers_serial_rivers_micro_c,
          chequers_serial_rivers_micro_d, chequers_serial_rivers_micro_b,
          chequers_serial_rivers_micro_a, chequers_serial_rivers_micro_c
D:2:      layout_rooms, uniq_jessica
D:3:      layout_basic, serial_shops, shop,
          nicolae_shop_temple_entry_statues_fountains, shop,
          kennysheep_decorative_pillar, minmay_bisected
D:4:      lemuel_castle_with_subvaults [lemuel_castle_interior_carwin_1],
          layout_rooms, grunt_gozag_breadcrumbs, uniq_robin
D:5:      layout_layer_cave, trog_ov_bears_minmay, serial_shops,
          nicolae_stop_n_shop_2

Skill      XL: |  1  2  3  4  5  6  7 |
---------------+----------------------+-----
Ranged Weapons | 4 5 |  5.2
Fighting       | 3 4 |  4.0
Dodging        | 3 |  3.3
Armour         | 2 |  2.3
Stealth        | |  0.7

Action                     |  1- 3 |  4- 6 |  7- 9 || total
---------------------------+-------+-------+-------++-------
   Fire: Shortbow          |    86 |   114 |    39 ||   239
    Use: Scroll            |     5 |     3 |       ||     8
 Armour: Leather armour    |    25 |     1 |       ||    26
         Ring mail         |       |    28 |    43 ||    71
  Dodge: Dodged            |    28 |    23 |    39 ||    90

Table legend:
 A = Non-vault XP
 B = Vault XP
 C = Vault XP percentage of total XP
 D = Non-vault monster count
 E = Vault monster count
 F = Vault count percentage of total count
                 A         B        C        D         E       F
            +---------+---------+-------+---------+---------+-------
      Total |     500 |     127 |  20.3 |      78 |      14 |  15.2
            +---------+---------+-------+---------+---------+-------
        D:1 |      44 |       0 |   0.0 |      25 |       0 |   0.0
        D:2 |      50 |      37 |  42.5 |      21 |       1 |   4.5
        D:3 |     128 |      49 |  27.7 |      18 |       4 |  18.2
        D:4 |     278 |      41 |  12.9 |      14 |       9 |  39.1
            +---------+---------+-------+---------+---------+-------
